cohdb
Replays
Latest Replays
All Replays
Popular Replays
Top Player Replays
Match Explorer
How It Works
Community
CoH3 Stats
Reddit
Sign in to upload your games and track your stats! →
Sign in with Steam
Match 43113229
Unlisted
Match 43113229
Overview
Messages
Build Orders
End
Selects Armored Battlegroup
Selects Veteran Crews
Construct Weapon Support Center
Sniper
Mechanized Support Center
Selects Fast Deploy
M3 Armored Personnel Carrier
Construct Tank Depot
Engineer Squad
Engineer Squad
Sniper
Sniper
Selects Field Repairs
Selects M8 Scott SPG
M8 Scott SPG
Construct Medical Station
Sniper
Sniper
Sniper
Selects UNKNOWN (2160077)
M18 Hellcat Tank Destroyer
Field Repairs
Born to Work
Mr. Hu
wanhaz
Jd577
Evodius
Aurelius
Tomteknas
Luv is L
0
0
Comments
sign in to comment!
No comments posted yet!